 Dungeon Crawl Stone Soup version 0.25-a0-10-g2fe12d4386 (webtiles) character file.

Game seed: 5234115838799792888, levelgen mode: deterministic

141887 Chiseanne the Peltast (level 16, -6/96 HPs)
             Began as a Demonspawn Wizard on Oct 15, 2019.
             Was a High Priest of Vehumet.
             Mangled by an earth elemental (33 damage)
             ... summoned by a deep elf elementalist
             ... on level 3 of the Elven Halls.
             The game lasted 02:27:42 (43733 turns).

Chiseanne the Peltast (Demonspawn Wizard)          Turns: 43733, Time: 02:27:43

Health: -6/96      AC: 10    Str:  5    XL:     16   Next: 79%
Magic:  9/32       EV: 21    Int: 33    God:    Vehumet [*****.]
Gold:   48         SH: 18    Dex: 19    Spells: 7/39 levels left

rFire    + . .     SeeInvis .   a - +3 trident "Igaruki" {drain, rN+ Int+4}
rCold    + . .     Gourm    .   p - +1 shield
rNeg     + . .     Faith    .   Y - +1 robe of Boredom {rPois Regen+ Str-5} (curse)
rPois    +         Spirit   .   Q - +2 hat
rElec    .         Reflect  +   T - scarf {cloud immunity}
rCorr    .         Harm     .   K - +2 pair of gloves {Dex+3}
MR       +....                  r - +1 pair of boots "Zeidoote" {rF+ Dex+2 Slay+3}
Stlth    ++........             B - +4 amulet of reflection
HPRegen  3.66/turn              x - ring of ice
MPRegen  0.23/turn              z - +3 ring of intelligence

@: no status effects
A: hooves 1, repulsion field 2, agile 1, fire resistance 1, powered by death 3,
strong 1, flame cloud immunity
a: Renounce Religion


You were on level 3 of the Elven Halls.
You worshipped Vehumet.
Vehumet was extremely pleased with you.
You were very full.

You visited 5 branches of the dungeon, and saw 27 of its levels.

You collected 2509 gold pieces.
You spent 2461 gold pieces at shops.

Inventory:

Hand Weapons
 a - the +3 trident "Igaruki" (weapon) {drain, rN+ Int+4}
   (You found it on level 5 of the Lair of Beasts)

   A truly terrible weapon, it drains the life of those it strikes.
   It affects your intelligence (+4).
   It protects you from negative energy.
 d - a +6 vampiric short sword
 i - a +0 club
 s - a +3 dagger of electrocution
 C - a +11 dagger
 E - a +0 quick blade
 F - a +0 quick blade
Missiles
 J - 21 curare-tipped darts (quivered)
 P - 7 throwing nets {!*}
Armour
 f - a +1 robe of positive energy
 p - a +1 shield (worn)
 r - the +1 pair of boots "Zeidoote" (worn) {rF+ Dex+2 Slay+3}
   (You found it on level 13 of the Dungeon)

   It affects your dexterity (+2).
   It affects your accuracy and damage with ranged weapons and melee attacks
   (+3).
   It protects you from fire.
 G - a +0 robe of resistance
 K - a +2 pair of gloves of dexterity (worn)
 Q - a +2 hat (worn)
 T - a scarf of cloud immunity (worn)
 Y - the cursed +1 robe of Boredom (worn) {rPois Regen+ Str-5}
   (You bought it in a shop on level 11 of the Dungeon)

   It affects your strength (-5).
   It protects you from poison.
   It increases your rate of regeneration.
   It has a curse placed upon it.
Magical Staves
 u - an uncursed staff of energy
Jewellery
 b - an uncursed ring of flight
 c - an uncursed ring of protection from fire
 x - a ring of ice (left hand)
 z - a +3 ring of intelligence (right hand)
 B - a +4 amulet of reflection (around neck)
 I - a +2 ring of evasion
 N - an uncursed ring of resist corrosion
Wands
 l - a wand of iceblast (15)
 q - a wand of enslavement (10)
 v - a wand of digging (1)
Scrolls
 h - a scroll of amnesia
 k - 6 scrolls of teleportation
 n - 2 scrolls of magic mapping
 t - 18 scrolls of identify
 y - 16 scrolls of remove curse
 M - a scroll of silence
 U - 5 scrolls of fear
Potions
 e - 3 potions of heal wounds
 j - 15 potions of curing
 m - 2 potions of berserk rage
 o - a potion of ambrosia
 w - a potion of magic
 A - 6 potions of brilliance
 D - 3 potions of flight
 H - 4 potions of haste
 R - 2 potions of invisibility
 S - 3 potions of resistance
 V - 2 potions of mutation
 W - 2 potions of cancellation
 Z - a potion of might
Miscellaneous
 g - a phial of floods
 L - a phantom mirror
 X - a box of beasts
Comestibles
 O - 37 rations


   Skills:
 - Level 1.0 Armour
 - Level 8.0 Dodging
 - Level 1.7 Stealth
 - Level 15.5 Shields
 * Level 12.0 Spellcasting
 - Level 7.5 Conjurations
   Level 1.0 Summonings
 - Level 0.8 Translocations
 * Level 15.0 Fire Magic
 - Level 5.0 Air Magic
 - Level 2.7 Poison Magic
 - Level 7.1 Evocations


You had 7 spell levels left.
You knew the following spells:

 Your Spells              Type           Power        Failure   Level  Hunger
a - Magic Dart            Conj           ####         1%          1    None
b - Iskenderun's Mystic   Conj           ######..     1%          4    None
c - Conjure Flame         Conj/Fire      #######.     1%          3    None
d - Mephitic Cloud        Conj/Pois/Air  ######..     1%          3    None
e - Olgreb's Toxic Radia  Pois           #####...     2%          4    None
f - Ignite Poison         Fire/Tmut/Pois ######..     1%          3    None
g - Blink                 Tloc           N/A          2%          2    None
h - Ignition              Fire           #######...   9%          8    #######
i - Force Lance           Conj/Tloc      #####...     1%          4    None

Your spell library contained the following spells:

 Spells                   Type           Power        Failure   Level  Hunger
 Poison Arrow             Conj/Pois      ######....   12%         6    ####...
 Sting                    Conj/Pois      ####         1%          1    None
 Poisonous Vapours        Pois/Air       #####.       1%          2    None
 Searing Ray              Conj           ######       1%          2    None
 Swiftness                Chrm/Air       #####...     1%          2    None
 Dazzling Spray           Conj/Hex       #####.       1%          3    None
 Inner Flame              Hex/Fire       ######..     1%          3    None
 Static Discharge         Conj/Air       ######..     1%          3    None
 Fulminant Prism          Conj/Hex       #####.....   1%          4    None
 Bolt of Magma            Conj/Fire/Erth ######....   1%          5    #......
 Lightning Bolt           Conj/Air       ######....   1%          5    #......
 Corona                   Hex            ###....      2%          1    None
 Call Imp                 Summ           ####....     2%          2    None
 Venom Bolt               Conj/Pois      ######....   2%          5    #......
 Passwall                 Tmut/Erth      ###.....     3%          2    None
 Slow                     Hex            ###.....     3%          2    None
 Portal Projectile        Hex/Tloc       ###...       6%          3    None
 Passage of Golubria      Tloc           N/A          16%         4    None
 Lee's Rapid Deconstruct  Erth           ###.......   17%         5    #......
 Iron Shot                Conj/Erth      #####.....   19%         6    ####...
 Cause Fear               Hex            ###.......   22%         4    None
 Leda's Liquefaction      Hex/Erth       ###.......   22%         4    None
 Darkness                 Hex            ###.......   98%         6    ####...
 Invisibility             Hex            ###.....     98%         6    ####...
 Statue Form              Tmut/Erth      ###......    98%         6    ####...
 Shatter                  Erth           ###.......   100%        9    #######
 Tornado                  Air            ######....   100%        9    #######


Dungeon Overview and Level Annotations

Branches:
Dungeon (15/15)            Temple (1/1) D:7            Lair (6/6) D:8
  Swamp (0/4) Lair:3        Snake (0/4) Lair:3        Slime (0/5) Lair:5
    Orc (2/2) D:11            Elf (3/3) Orc:2        Vaults (0/5) D:13
 Depths: D:15

Altars:
Ashenzari
Cheibriados
Dithmenos
Elyvilon
Fedhas
Gozag
Hepliaklqana
Kikubaaqudgha
Nemelex Xobeh
Okawaru
Qazlal
Ru
Sif Muna
Trog
Uskayaw
Vehumet
Wu Jian
Xom
Yredelemnul
The Shining One
Beogh
Jiyva

Shops:
D:10 (   D:11 =[*   D:12 (   Orc:2 *[(:   Elf:2 *   Elf:3 *=*

Portals:
Trove: D:15 (give 6 scrolls of blinking)

Annotations:
D:12 4 runed translucent doors
D:14 exclusion: downstairs
D:15 exclusion: obsidian statue
Elf:2 5 runed translucent doors, exclusion: downstairs, Bai Suzhen
Elf:3 Roxanne


Innate Abilities, Weirdness & Mutations

You have large cloven feet.
You are surrounded by a moderate repulsion field. (EV +3)
Your flesh is heat resistant. (rF+)
You regenerate a lot of health from kills.
You are immune to clouds of flame.
You are agile. (Dex +2)
Your muscles are strong. (Str +2)


Message History

The deep elf elementalist hits you but does no damage.
The earth elemental hits you!! You block the earth elemental's attack.
You block the deep elf elementalist's attack.
Casting: Ignite Poison (safe; 1% risk of failure)
Confirm with . or Enter, or press ? or * to list all spells.
You ignite the poison in your surroundings!
The deep elf elementalist seems to burn from within!
The deep elf elementalist is almost dead.
The deep elf elementalist gestures at the earth elemental while chanting.
Some walls begin to move on their own!
The earth elemental hits you!!
* * * LOW HITPOINT WARNING * * *
The earth elemental completely misses you.
You hear a shout! x2
Casting: Ignite Poison (safe; 1% risk of failure)
Confirm with . or Enter, or press ? or * to list all spells.
You ignite the poison in your surroundings!
The deep elf elementalist hits you with a +0 club.
* * * LOW HITPOINT WARNING * * *
You block the earth elemental's attack. The earth elemental hits you!!
You die...

**,,,,*,,.....###.....,,*,,,,**
**,,,**,,...........,,**,,,**
***,,**,,)........,,**,,***
**,,*,,,.......,,,*,,**
******,,)....,,******
**,,.).,,** ####
**##**##.############****
...#########
##eEE..#........,,,*
....#.....#*
#.E@E.#.......,,,,,*
......###.#
#.E....#,...,,,.,***
....#.###.# #..#(<.##.##...#**
........#.# ##E#...#.....#**
#..##.#.#.# ##.###.######
##.##.#.#.# ##.#.## ...##.....#
#...## #####.....## #..##
...##....#.## #...#


You could see a deep elf elementalist and 6 earth elementals.

Vanquished Creatures
  A deep elf blademaster (Elf:3)
  Gastronok (Lair:1)
  2 orc warlords
  3 deep elf sorcerers
  A deep elf elementalist (Elf:3)
  3 entropy weavers (Lair:5)
  Nessos (D:13)
  A deep elf demonologist (Elf:2)
  4 deep elf annihilators
  A minotaur (D:12)
  Snorg (D:14)
  4 deep elf high priests
  A deep elf death mage (Elf:1)
  Josephine (D:14)
  8 hydras
  3 ghost crabs (Lair:5)
  Harold (D:8)
  A centaur warrior (D:14)
  9 dancing weapons
  4 two-headed ogres
  A death knight (D:15)
  2 tengu warriors
  A death yak (Lair:5)
  Nergalle (Orc:2)
  3 orc high priests
  Sonja (Lair:5)
  12 deep elf knights
  6 fire crabs (Lair:5)
  A skeletal warrior (D:15)
  An unseen horror (D:13)
  A wizard (D:15)
  8 deep elf archers
  7 ugly things
  7 orc knights
  4 orc sorcerers
  47 deep elf magi
  3 cyclopes
  2 oklob plants (Lair:3)
  2 manticores
  A centaur zombie (D:13)
  5 black mambas
  A spriggan zombie (D:15)
  Psyche (D:7)
  An apocalypse crab (Lair:5)
  A gargoyle (D:13)
  A kobold demonologist (D:11)
  11 spiny frogs
  A yaktaur (D:14)
  6 komodo dragons
  A small abomination (Elf:1)
  A tengu conjurer (D:15)
  A harpy zombie (D:15)
  3 meliai (D:14)
  4 trolls
  6 polar bears
  7 hornets
  12 blink frogs
  Prince Ribbit (D:6)
  2 slime creatures
  2 dream sheep
  9 hippogriffs
  A fire dragon zombie (D:15)
  An air elemental (Elf:1)
  2 wyverns
  14 spriggans (Lair:6)
  4 water elementals
  A spriggan (shapeshifter) (D:15)
  47 yaks
  6 wraiths
  2 hungry ghosts
  6 vampire mosquitoes (D:14)
  4 basilisks
  3 fire elementals
  Menkaure (D:7)
  2 wargs
  4 acid dragons
  Duvessa (D:5)
  9 porcupines
  11 water moccasins
  34 orc warriors
  3 swamp drakes
  4 ice beasts
  8 black bears
  2 eyes of draining (D:11)
  15 ogres
  4 sky beasts
  2 necrophages (D:10)
  17 wolves
  5 boggarts (Lair:6)
  10 centaurs
  11 crocodiles
  A big kobold (D:9)
  23 bullfrogs
  An earth elemental (Elf:2)
  2 wyvern skeletons
  2 scorpions
  Dowan (D:5)
  3 electric eels (D:11)
  A howler monkey (D:11)
  16 wights
  6 crimson imps
  4 bullfrog zombies
  2 quasits
  4 hounds
  5 jellies
  29 orc wizards
  4 centaur skeletons
  19 orc priests
  4 iguanas
  6 worker ants
  2 hound skeletons
  4 gnolls
  19 adders
  A river rat (Lair:1)
  5 shadow imps
  An ooze (D:5)
  A worm (D:2)
  4 dart slugs
  4 leopard geckos
  77 orcs
  4 giant cockroaches
  10 goblins
  7 hobgoblins
  25 jackals
  12 kobolds
  8 quokkas
  11 ball pythons
  6 bats
  5 frilled lizards
  A giant cockroach zombie (D:5)
  3 rats
  2 fungi
  4 plants
822 creatures vanquished.

Vanquished Creatures (others)
  A centaur warrior (D:15)
  A deep elf archer (Elf:3)
  An air elemental (Elf:2)
  4 centaurs
  An electric eel (D:11)
  4 fungi
  9 plants
  A withered plant (D:15)
22 creatures vanquished.

Grand Total: 844 creatures vanquished

Notes
Turn   | Place    | Note
-------+----------+-------------------------------------------
     0 | D:1      | Chiseanne the Demonspawn Wizard began the quest for the
                  | Orb.
     0 | D:1      | Reached XP level 1. HP: 13/13 MP: 4/4
   444 | D:1      | Gained mutation: You are surrounded by a mild repulsion
                  | field. (EV +2) [demonic ancestry]
   444 | D:1      | Reached XP level 2. HP: 19/19 MP: 1/6
   601 | D:1      | Learned a level 2 spell: Blink
  1291 | D:2      | Reached XP level 3. HP: 24/24 MP: 2/8
  2289 | D:2      | Reached XP level 4. HP: 30/30 MP: 7/9
  3138 | D:3      | Learned a level 3 spell: Conjure Flame
  3142 | D:3      | Learned a level 3 spell: Mephitic Cloud
  3245 | D:3      | Found a glowing golden altar of the Shining One.
  3714 | D:3      | Reached XP level 5. HP: 32/35 MP: 3/11
  3877 | D:4      | Found a basalt altar of Yredelemnul.
  3943 | D:4      | Reached skill level 1 in Air Magic
  4230 | D:4      | Reached XP level 6. HP: 30/41 MP: 0/12
  4659 | D:4      | Reached skill level 1 in Shields
  5101 | D:5      | Entered Level 5 of the Dungeon
  5584 | D:5      | Gained mutation: You have large cloven feet. [demonic
                  | ancestry]
  5584 | D:5      | Reached XP level 7. HP: 42/46 MP: 5/13
  6420 | D:5      | Reached skill level 1 in Armour
  6476 | D:5      | Noticed Duvessa
  6476 | D:5      | Noticed Dowan
  6481 | D:5      | Killed Dowan
  6488 | D:5      | Killed Duvessa
  6488 | D:5      | Reached skill level 5 in Spellcasting
  6989 | D:6      | Gained mutation: You regenerate a little health from kills.
                  | [demonic ancestry]
  6989 | D:6      | Reached XP level 8. HP: 41/52 MP: 0/15
  7211 | D:6      | Found an iron altar of Okawaru.
  7944 | D:6      | Noticed Prince Ribbit
  7956 | D:6      | Killed Prince Ribbit
  7956 | D:6      | Reached skill level 5 in Conjurations
  8861 | D:7      | Noticed Menkaure
  8877 | D:7      | Killed Menkaure
  8877 | D:7      | Reached XP level 9. HP: 57/57 MP: 12/18
  9032 | D:7      | Reached skill level 5 in Dodging
  9182 | D:7      | Found a staircase to the Ecumenical Temple.
  9219 | Temple   | Entered the Ecumenical Temple
  9244 | Temple   | Became a worshipper of Vehumet
  9910 | D:8      | Reached skill level 5 in Air Magic
 10195 | D:8      | Found a sacrificial altar of Ru.
 10203 | D:8      | Noticed Harold
 10205 | D:8      | Noticed Psyche
 10423 | D:8      | Noticed a komodo dragon
 10428 | D:7      | Gained mutation: You are agile. (Dex +2) [potion of
                  | mutation]
 10428 | D:7      | Gained mutation: Your muscles are strong. (Str +2) [potion
                  | of mutation]
 10486 | D:7      | Killed Psyche
 10486 | D:7      | Reached skill level 1 in Evocations
 10630 | D:8      | Reached * piety under Vehumet
 10630 | D:8      | Offered knowledge of Shock by Vehumet.
 10695 | D:8      | Found a blossoming altar of Fedhas.
 10695 | D:8      | Found a bloodstained altar of Trog.
 10888 | D:8      | HP: 1/57 [Harold/+0 long sword (23)]
 10902 | D:8      | Killed Harold
 10902 | D:8      | Gained mutation: You are surrounded by a moderate repulsion
                  | field. (EV +3) [demonic ancestry]
 10902 | D:8      | Reached XP level 10. HP: 61/63 MP: 16/21
 11086 | D:8      | Found a staircase to the Lair.
 11485 | D:9      | Noticed a two-headed ogre
 11496 | D:9      | Killed a two-headed ogre
 11964 | D:9      | Offered knowledge of Throw Frost by Vehumet.
 11987 | D:9      | Reached ** piety under Vehumet
 12521 | D:9      | Identified a scroll of acquirement
 12535 | D:10     | Entered Level 10 of the Dungeon
 12745 | D:10     | Reached skill level 5 in Shields
 12850 | D:10     | Found Ceakkikh's Antique Weapon Shop.
 12858 | D:10     | Bought a smoking morningstar for 225 gold pieces
 12859 | D:10     | Identified the +1 morningstar "Duma" {drain, +Blink +Fly
                  | rC- MR+} (You bought it in a shop on level 10 of the
                  | Dungeon)
 13274 | D:10     | Reached skill level 5 in Evocations
 14123 | D:9      | Reached XP level 11. HP: 47/68 MP: 13/23
 14512 | D:11     | Found Wucin's General Store.
 14530 | D:11     | Bought a scroll of fear for 42 gold pieces
 14533 | D:11     | Found Etzulor's Armour Boutique.
 14541 | D:11     | Bought the cursed +1 robe of Boredom {rPois Regen+ Str-5}
                  | for 57 gold pieces
 14676 | D:11     | Found Ryiqu's Jewellery Emporium.
 14743 | D:11     | Offered knowledge of Dazzling Spray by Vehumet.
 14979 | D:11     | Found a staircase to the Orcish Mines.
 15003 | D:11     | Found Egreomeu's Gadget Shoppe.
 15319 | D:11     | Reached *** piety under Vehumet
 16153 | D:12     | Found Duquaz's Weapon Shoppe.
 16328 | D:12     | Offered knowledge of Iskenderun's Mystic Blast by Vehumet.
 16426 | D:12     | Learned a level 4 spell: Iskenderun's Mystic Blast
 16495 | D:12     | Found a huge runed translucent gate.
 16495 | D:12     | Found a huge runed translucent gate.
 16496 | D:12     | Found a huge runed translucent gate.
 16497 | D:12     | Found a huge runed translucent gate.
 16497 | D:12     | Noticed a death yak
 16735 | D:12     | Noticed a five-headed hydra
 16744 | D:12     | Killed a five-headed hydra
 17153 | D:13     | Noticed a two-headed ogre
 17172 | D:13     | Killed a two-headed ogre
 17269 | D:13     | Got a pair of bloodstained boots
 17315 | D:12     | Identified the +1 pair of boots "Zeidoote" {rF+ Dex+2
                  | Slay+3} (You found it on level 13 of the Dungeon)
 18087 | D:13     | Noticed Nessos
 18094 | D:13     | Killed Nessos
 18094 | D:13     | Reached XP level 12. HP: 74/74 MP: 22/25
 18692 | D:13     | Noticed a tengu warrior
 18696 | D:13     | Killed a tengu warrior
 18831 | D:12     | Learned a level 4 spell: Olgreb's Toxic Radiance
 18932 | D:13     | Found a gate to the Vaults.
 18944 | D:13     | Reached skill level 1 in Poison Magic
 18946 | D:13     | Noticed an ironheart preserver
 19347 | D:13     | Noticed a minotaur
 19347 | D:13     | an ironheart preserver changed into a minotaur
 19527 | D:12     | Killed a minotaur
 19527 | D:12     | Reached skill level 10 in Shields
 20015 | D:13     | Noticed an ice dragon
 20035 | D:13     | Noticed a storm dragon
 20035 | D:13     | an ice dragon changed into a storm dragon
 20486 | D:14     | Reached **** piety under Vehumet
 20877 | D:14     | Offered knowledge of Ignite Poison by Vehumet.
 21018 | D:14     | Learned a level 3 spell: Ignite Poison
 21117 | D:14     | Noticed Snorg
 21130 | D:14     | Killed Snorg
 21277 | D:14     | Noticed a six-headed hydra
 21392 | D:14     | Noticed Josephine
 21405 | D:14     | Killed Josephine
 21405 | D:14     | Reached skill level 1 in Fire Magic
 21670 | D:14     | Noticed a centaur warrior
 21679 | D:14     | Killed a centaur warrior
 21822 | D:14     | Gained mutation: You regenerate health from kills. [demonic
                  | ancestry]
 21822 | D:14     | Reached XP level 13. HP: 74/79 MP: 7/26
 22863 | D:15     | Entered Level 15 of the Dungeon
 22863 | D:15     | Found Xypsurphi's Magic Scroll Shoppe.
 23808 | D:15     | Found a portal to a secret trove of treasure.
 23921 | D:15     | Bought a scroll of identify for 26 gold pieces
 23921 | D:15     | Bought a scroll of fear for 45 gold pieces
 23921 | D:15     | Bought a scroll of teleportation for 39 gold pieces
 23921 | D:15     | Bought a scroll of magic mapping for 45 gold pieces
 23921 | D:15     | Bought a scroll of remove curse for 39 gold pieces
 23921 | D:15     | Bought a scroll of identify for 26 gold pieces
 23921 | D:15     | Bought a scroll of identify for 26 gold pieces
 23921 | D:15     | Bought a scroll of remove curse for 39 gold pieces
 24820 | Orc:1    | Entered Level 1 of the Orcish Mines
 25145 | Orc:1    | Reached ***** piety under Vehumet
 25398 | Orc:2    | Entered Level 2 of the Orcish Mines
 25485 | Orc:2    | Paralysed by an orc sorcerer for 2 turns
 25809 | Orc:2    | Reached skill level 5 in Fire Magic
 25809 | Orc:2    | Offered knowledge of Iron Shot by Vehumet.
 25813 | Orc:2    | Noticed Nergalle
 25818 | Orc:2    | Killed Nergalle
 25818 | Orc:2    | Noticed an orc warlord
 26436 | Orc:1    | Killed an orc warlord
 26436 | Orc:1    | Gained mutation: Your flesh is heat resistant. (rF+)
                  | [demonic ancestry]
 26436 | Orc:1    | Reached XP level 14. HP: 15/85 MP: 2/27
 26846 | Orc:2    | Found a staircase to the Elven Halls.
 27051 | Orc:2    | Found a roughly hewn altar of Beogh.
 27060 | Orc:2    | Found Pitoaq's General Store.
 27287 | Orc:2    | Found Jeulo's Antique Weapon Emporium.
 27293 | Orc:2    | Found Dephafre's Book Emporium.
 27309 | Orc:2    | Found Ibuckolu's Antique Armour Emporium.
 27320 | Orc:2    | Bought a distressingly furry helmet for 247 gold pieces
 27321 | Orc:2    | Identified the +1 helmet of Acren {+Blink Int-4 Dex+5} (You
                  | bought it in a shop on level 2 of the Orcish Mines)
 27338 | Orc:2    | Bought a potion of haste for 140 gold pieces
 27338 | Orc:2    | Bought a scroll of identify for 28 gold pieces
 27338 | Orc:2    | Bought a potion of invisibility for 112 gold pieces
 27338 | Orc:2    | Bought a scroll of identify for 28 gold pieces
 27354 | Orc:2    | Bought a blackened hunting sling for 188 gold pieces
 27355 | Orc:2    | Identified the +5 hunting sling of Revolt {freeze, Dex+5}
                  | (You bought it in a shop on level 2 of the Orcish Mines)
 27752 | Lair:1   | Entered Level 1 of the Lair of Beasts
 28127 | Lair:1   | Noticed Gastronok
 28143 | Lair:1   | Killed Gastronok
 29632 | Lair:2   | Learned a level 8 spell: Ignition
 30603 | Lair:3   | Reached skill level 15 in Shields
 31039 | Lair:3   | Found a staircase to the Snake Pit.
 31545 | Lair:3   | Offered knowledge of Conjure Ball Lightning by Vehumet.
 31752 | Lair:3   | Found a staircase to the Swamp.
 31960 | Lair:3   | Found a shattered altar of Ashenzari.
 32297 | Lair:4   | Learned a level 4 spell: Force Lance
 33114 | Lair:5   | Found a runed translucent door.
 33127 | Lair:5   | Reached skill level 10 in Spellcasting
 33270 | Lair:5   | Got an encrusted trident
 33271 | Lair:5   | Identified the +3 trident "Igaruki" {drain, rN+ Int+4} (You
                  | found it on level 5 of the Lair of Beasts)
 33583 | Lair:5   | Noticed Sonja
 33589 | Lair:5   | Killed Sonja
 33841 | Lair:5   | Found a viscous altar of Jiyva.
 33843 | Lair:5   | Found a staircase to the Slime Pits.
 34425 | Lair:5   | Noticed an entropy weaver
 34450 | Lair:5   | Killed an entropy weaver
 34584 | Lair:5   | Gained mutation: You regenerate a lot of health from kills.
                  | [demonic ancestry]
 34584 | Lair:5   | Reached XP level 15. HP: 90/90 MP: 5/29
 35348 | Lair:5   | Identified the +11 battleaxe of Untruth {elec, +Blink rPois
                  | MP-9 Stlth+} (You found it on level 5 of the Lair of
                  | Beasts)
 35549 | Lair:6   | Entered Level 6 of the Lair of Beasts
 36422 | Lair:6   | Reached skill level 10 in Fire Magic
 37494 | Elf:1    | Entered Level 1 of the Elven Halls
 37887 | Elf:1    | Offered knowledge of Freezing Cloud by Vehumet.
 39513 | Elf:2    | Gained mutation: You are immune to clouds of flame.
                  | [demonic ancestry]
 39513 | Elf:2    | Reached XP level 16. HP: 62/96 MP: 25/31
 40337 | Elf:2    | Noticed a Hell Sentinel
 40996 | Elf:2    | Found Paonibiv's Assorted Antiques.
 41009 | Elf:2    | Bought a twisted hand crossbow for 297 gold pieces
 41009 | Elf:2    | Bought a scroll of teleportation for 105 gold pieces
 41009 | Elf:2    | Bought a potion of curing for 105 gold pieces
 41009 | Elf:2    | Bought a scroll of fear for 122 gold pieces
 41209 | Elf:2    | Identified the +3 hand crossbow of the Hand {velocity,
                  | MR++} (You bought it in a shop on level 2 of the Elven
                  | Halls)
 41306 | Elf:2    | Found a roughly hewn altar of Beogh.
 41335 | Elf:2    | Found a huge runed translucent gate.
 41336 | Elf:2    | Found a huge runed translucent gate.
 41340 | Elf:2    | Found a huge runed translucent gate.
 41340 | Elf:2    | Found a huge runed translucent gate.
 41340 | Elf:2    | Found a huge runed translucent gate.
 41487 | Elf:3    | Entered Level 3 of the Elven Halls
 41578 | Elf:3    | Offered knowledge of Poison Arrow by Vehumet.
 42152 | Elf:3    | Found Edecumi's Jewellery Boutique.
 42162 | Elf:3    | Noticed Bai Suzhen
 42163 | Elf:3    | Noticed Roxanne
 42729 | Elf:3    | Found Eghudat's Assorted Antiques.
 42732 | Elf:3    | Bought a scroll labeled RUNTUDGHY DOPHU for 32 gold pieces
 42805 | Elf:3    | Bought a scroll of identify for 64 gold pieces
 42805 | Elf:3    | Bought a scroll of identify for 64 gold pieces
 42805 | Elf:3    | Bought a potion of haste for 320 gold pieces
 43427 | Elf:3    | Found Beib's General Store.
 43430 | Elf:3    | Noticed a deep elf blademaster
 43447 | Elf:3    | Killed a deep elf blademaster
 43634 | Elf:3    | Identified the +3 buckler of the Devil {Str+4}
 43721 | Elf:3    | Identified the +8 hand axe of Gallantry {holy, rElec}
 43730 | Elf:3    | Reached skill level 15 in Fire Magic
 43733 | Elf:3    | Mangled by an earth elemental

Levels and vault maps discovered:
D:1:      saegor_arrival_miasma, layout_loops_ring
D:2:      minmay_recursive_quarters, layout_loops_ring, serial_bayou,
          serial_bayou_shore_b, serial_bayou_pond_d, serial_bayou_shore_a,
          serial_bayou_lagoon_a
D:3:      layout_loops_corners, lemuel_doored_altar, first_ration
D:4:      layout_cave_pools, yredelemnul_altar_generic, minmay_snake_closets
D:5:      layout_loops_corners, uniq_duvessa
D:6:      layout_basic, kennysheep_mini, serial_glass, glass_columns_c,
          glass_columns_a, uniq_prince_ribbit1
D:7:      layout_basic, minmay_temple_entry_mini_moons, grunt_ogre_cave,
          uniq_menkaure
D:8:      layout_rooms, hangedman_ru_absence, gammafunk_temple_overflow_statue,
          david_lair_shrubbed, uniq_harold, uniq_psyche
D:9:      layout_roguey, serial_co_window_serial, co_window_corner_a,
          co_window_corner_a, co_window_corner_a, co_window_paths_a,
          co_window_corner_a, co_window_corner_ca, co_window_corner_b,
          co_window_corner_b, co_window_unsneaky_path_d, co_window_broadway_c,
          glass_columns_a, minmay_misc_feat_roman
D:10:     layout_grid_maze, serial_shops, shop, minmay_crystal_room
D:11:     statuecave_lemuel, layout_basic, orc_0_dummy, serial_shops, shop,
          nicolae_shop_temple_entry_statues_fountains,
          nicolae_shop_temple_entry_statues_fountains, shop
D:12:     lemuel_bear_cage, layout_rooms, serial_shops, shop
D:13:     layout_cave_pools, skrybe_vaults_entry_preservation,
          portal_ice_cave_entry_animals_and_master, uniq_nessos
D:14:     layout_loops_corners, nicolae_sextant, lightli_corner_chamber,
          uniq_josephine, uniq_snorg
D:15:     gammafunk_depths_entry_grave, layout_rooms,
          chequers_serial_rivers_small_b, serial_shops, shop_statue,
          enter_trove_6, minivault_16, nicolae_wwwww, lemuel_flamethrower_3
Temple:   nicolae_temple_x_marks_the_god
Lair:1:   layout_chaotic_city, pond, uniq_gastronok
Lair:2:   layout_cave_pods
Lair:3:   layout_small_grid, minmay_swamp_entry_reptiles,
          minmay_snake_entry_six_corridors, basic_altar,
          minmay_lair_oklob_chamber
Lair:4:   layout_cave_shapes, wad_woods_road_01, serial_bayou_pond_d
Lair:5:   gammafunk_mikee_crab_dinner, layout_loops_ring, slime_altar_1,
          minmay_shattered_shrine, uniq_sonja
Lair:6:   minmay_lair_end_enchanted_forest, layout_regular_city,
          lemuel_fruit_tree
Orc:1:    layout_caves, mines3_lemuel, uniq_maurice
Orc:2:    grunt_orc_cross, layout_diamond_mine
Elf:1:    layout_geoelf_diagonals, kennysheep_underground_church
Elf:2:    layout_rooms, special_room [special_room_orc], serial_shops, shop
Elf:3:    nooodl_elf_gasket, layout_loops_cross, serial_shops, shop,
          shop_statue, nicolae_shop_statue_plus, uniq_bai_suzhen, uniq_roxanne

Skill      XL: |  1  2  3  4  5  6  7  8  9 10 11 12 13 14 15 16 |
---------------+-------------------------------------------------+-----
Conjurations   | 2 3 4 5 6 7 |  7.5
Spellcasting   | 4 5 6 7 8 9 10 11 12 | 12.0
Dodging        | 2 3 4 6 7 8 |  8.0
Air Magic      | 1 2 4 5 |  5.0
Shields        | 3 4 5 8 11 14 15 | 15.5
Armour         | 1 |  1.0
Evocations     | 3 5 7 |  7.1
Poison Magic   | 2 |  2.7
Fire Magic     | 1 5 8 12 15 | 15.0
Stealth        | |  1.7
Summonings     | |  1.0
Translocations | |  0.8

Action                   |  1- 3 |  4- 6 |  7- 9 | 10-12 | 13-15 | 16-18 || total
-------------------------+-------+-------+-------+-------+-------+-------++-------
Melee: Dagger            |    21 |       |       |       |   146 |       ||   167
       Short sword       |    10 |    51 |   110 |   343 |   104 |       ||   618
       Kick              |       |       |    21 |    62 |       |       ||    83
       Trident           |       |       |       |       |    57 |    37 ||    94
Throw: Dart              |       |       |       |    20 |     6 |       ||    26
       Javelin           |       |       |       |       |     2 |       ||     2
 Cast: Magic Dart        |    93 |   165 |   317 |   563 |   176 |     2 ||  1316
       Mephitic Cloud    |       |     5 |    22 |    57 |    95 |    31 ||   210
       Conjure Flame     |       |     2 |    14 |    48 |    13 |       ||    77
       Blink             |       |     2 |     9 |    21 |    18 |       ||    50
       Iskenderun's Myst |       |       |       |    69 |   246 |    47 ||   362
       Ignite Poison     |       |       |       |     8 |   188 |    74 ||   270
       Olgreb's Toxic Ra |       |       |       |     2 |   124 |    48 ||   174
       Ignition          |       |       |       |       |       |    12 ||    12
Evoke: Wand              |       |       |     5 |    62 |    10 |     1 ||    78
  Use: Scroll            |       |    15 |     3 |    13 |    13 |     4 ||    48
       Potion            |       |       |     9 |     5 |     3 |     2 ||    19
 Stab: Sleeping          |       |     2 |       |     1 |     3 |       ||     6
       Confused          |       |     1 |     6 |    16 |     7 |     1 ||    31
       Paralysed         |       |       |       |     3 |     2 |       ||     5
  Eat: Chunk             |     3 |    20 |    11 |    28 |    36 |     9 ||   107
       Ration            |       |       |     1 |     2 |     5 |     5 ||    13
Armor: Robe              |     9 |     1 |    23 |    46 |    74 |    11 ||   164
       Leather armour    |       |    22 |     1 |       |       |       ||    23
Dodge: Dodged            |    34 |    44 |   118 |   309 |   341 |    49 ||   895
Block: Buckler           |       |    17 |    80 |    73 |       |       ||   170
       Reflection        |       |       |     5 |    19 |    28 |    13 ||    65
       Other             |       |       |     2 |       |       |       ||     2
       Shield            |       |       |       |   231 |   490 |    82 ||   803

Table legend:
 A = Non-vault XP
 B = Vault XP
 C = Vault XP percentage of total XP
 D = Non-vault monster count
 E = Vault monster count
 F = Vault count percentage of total count
                 A         B        C        D         E       F
            +---------+---------+-------+---------+---------+-------
      Total |  127263 |   75433 |  37.2 |     604 |     220 |  26.7
            +---------+---------+-------+---------+---------+-------
        D:1 |      26 |       0 |   0.0 |      14 |       0 |   0.0
        D:2 |      77 |      13 |  14.4 |      22 |       8 |  26.7
        D:3 |     121 |       0 |   0.0 |      21 |       0 |   0.0
        D:4 |     255 |      64 |  20.1 |      23 |      10 |  30.3
        D:5 |     551 |     214 |  28.0 |      21 |       2 |   8.7
        D:6 |     601 |     268 |  30.8 |      21 |       1 |   4.5
        D:7 |    1667 |     738 |  30.7 |      27 |       3 |  10.0
        D:8 |     487 |    1294 |  72.7 |      21 |       2 |   8.7
        D:9 |    2711 |       0 |   0.0 |      39 |       0 |   0.0
       D:10 |    2368 |       0 |   0.0 |      24 |       0 |   0.0
       D:11 |    3938 |       0 |   0.0 |      36 |       0 |   0.0
       D:12 |    3594 |    1964 |  35.3 |      27 |       3 |  10.0
       D:13 |    4454 |    4397 |  49.7 |      26 |      12 |  31.6
       D:14 |   10135 |    2822 |  21.8 |      43 |       5 |  10.4
       D:15 |   11085 |    1464 |  11.7 |      29 |       3 |   9.4
     Lair:1 |    3733 |    2880 |  43.6 |      12 |       8 |  40.0
     Lair:2 |    5827 |     146 |   2.4 |      23 |       2 |   8.0
     Lair:3 |    6475 |    2956 |  31.3 |      22 |      20 |  47.6
     Lair:4 |    2927 |       0 |   0.0 |      14 |       0 |   0.0
     Lair:5 |    2433 |   16964 |  87.5 |      10 |      22 |  68.8
     Lair:6 |    3698 |    7889 |  68.1 |      14 |      47 |  77.0
      Orc:1 |    2351 |    1745 |  42.6 |      20 |       1 |   4.8
      Orc:2 |    2998 |    6079 |  67.0 |      10 |      36 |  78.3
      Elf:1 |   17942 |    4772 |  21.0 |      29 |       7 |  19.4
      Elf:2 |   23348 |    7958 |  25.4 |      36 |      21 |  36.8
      Elf:3 |   13461 |   10806 |  44.5 |      20 |       7 |  25.9
            +---------+---------+-------+---------+---------+-------
